Map: Sequencer LE

Players

Yata - Winner!

  • Race: Zerg Zerg
  • League: Silver
  • Spawn Location: 1:00

A.I. 1 (Harder)

  • Race: Zerg Zerg
  • Spawn Location: 7:00

VOD

Have the link to the VOD?

Description

Time

  • Played on: July 17, 2017, 9:02 p.m.
  • Length: 10:38
Show
View Real Time Build Order
Export as new Build Order

Yata Zerg - Winner!

Build Orders: Hatch First 

Get SALT Encoding   

  12  0:01  Drone  
  13  0:12  Overlord  
  13  0:18  Drone  
  14  0:32  Drone x2  
  16  0:37  Drone  
  17  0:46  Drone  
  18  0:59  Hatchery  
  18  1:02  Drone  
  18  1:09  Extractor  
  17  1:16  Spawning Pool  
  16  1:21  Drone  
  16  1:22  Drone  
  18  1:30  Drone  
  19  1:39  Overlord  
  19  1:50  Drone  
  20  2:00  Drone  
  21  2:13  Zergling x4  
  23  2:19  Queen  
  23  2:20  Queen  
  27  2:23  Metabolic Boost  
  27  2:27  Drone x2  
  29  2:34  Drone  
  29  2:35  Drone  
  31  2:43  Overlord  
  31  2:52  Drone  
  32  2:59  Queen  
  34  3:10  Hatchery  
  31  3:13  Baneling Nest  
  30  3:22  Overlord x3  
  30  3:39  Queen  
  32  3:42  Drone x3  
  32  3:43  Drone x3  
  38  3:56  Drone  
  38  3:57  Drone x4  
  38  4:02  Extractor  
  42  4:06  Zergling x2  
  42  4:07  Zergling x6  
  46  4:42  Drone x6  
  46  4:43  Drone x2  
  54  4:46  Overlord  
  54  4:47  Overlord x2  
  54  4:49  Drone  
  54  4:50  Drone x3  
  58  4:56  Baneling x5  
  58  4:57  Baneling  
  58  4:59  Baneling  
  58  5:00  Baneling  
  58  5:01  Baneling  
  58  5:10  Evolution Chamber  
  57  5:15  Lair  
  57  5:25  Zergling x2  
  57  5:26  Zergling x28  
  68  5:41  Zerg Melee Weapons Level 1  
  68  5:42  Drone  
  69  5:43  Drone x8  
  69  5:44  Drone x2  
  79  6:05  Hatchery  
  78  7:14  Baneling  
  78  7:15  Baneling x12  
  78  7:17  Zergling x2  
  78  7:18  Zergling x50  
  104  7:27  Overlord x4  
  104  7:52  Unknown  
  104  7:55  Drone  
  104  7:56  Drone x13  
  106  8:08  Unknown  
  102  8:21  Drone  
  102  8:22  Drone x8  
  109  8:42  Hatchery  
  109  8:44  Queen  
  106  8:51  Hatchery  
  103  9:01  Zergling x2  
  103  9:02  Zergling x24  
  109  9:37  Zergling x2  
  109  9:38  Zergling x24  
  119  10:01  Unknown  
  118  10:17  Zergling x2  
  118  10:18  Zergling x38  
  135  10:27  Unknown  
Show
View Real Time Build Order
Export as new Build Order

A.I. 1 (Harder) Zerg 

Build Orders: Hatch First 

Get SALT Encoding   

  12  0:00  Drone  
  13  0:12  Overlord  
  13  0:17  Drone  
  14  0:31  Drone x2  
  14  0:34  Drone  
  17  0:54  Hatchery  
  17  0:55  Drone  
  17  1:10  Spawning Pool  
  16  1:12  Drone  
  16  1:16  Drone  
  18  1:18  Extractor  
  18  1:21  Drone  
  18  1:28  Overlord  
  18  1:38  Drone  
  19  1:59  Queen  
  19  2:00  Zergling x4  
  23  2:02  Roach Warren  
  23  2:06  Drone  
  23  2:07  Extractor  
  22  2:11  Drone  
  23  2:25  Drone  
  24  2:37  Overlord  
  24  2:41  Roach x2  
  24  2:43  Roach  
  30  2:53  Roach  
  30  2:55  Lair  
  32  3:08  Extractor  
  32  3:11  Drone  
  32  3:20  Extractor, Drone  
  32  3:26  Drone  
  33  3:31  Drone  
  35  3:34  Drone  
  35  3:38  Overlord, Drone  
  36  3:50  Drone  
  36  3:54  Drone  
  36  3:55  Hydralisk Den  
  37  3:56  Drone  
  37  4:00  Drone  
  39  4:03  Drone  
  39  4:06  Drone  
  41  4:10  Drone  
  41  4:14  Overlord  
  42  4:22  Roach  
  44  4:33  Roach  
  46  4:41  Overlord  
  46  4:44  Roach  
  48  4:55  Roach  
  48  4:56  Drone  
  48  4:59  Drone  
  52  5:02  Drone  
  52  5:05  Hydralisk  
  55  5:08  Overlord  
  55  5:11  Drone  
  55  5:13  Drone  
  57  5:15  Hydralisk  
  57  5:17  Drone  
  57  5:19  Drone  
  61  5:21  Drone  
  61  5:24  Drone  
  63  5:29  Drone  
  63  5:31  Overlord  
  60  5:40  Roach  
  62  5:44  Drone, Evolution Chamber  
  62  5:46  Drone  
  62  5:48  Drone  
  64  5:50  Drone, Hydralisk  
  64  5:56  Drone  
  68  6:01  Hydralisk  
  70  6:07  Drone  
  70  6:10  Burrow, Zerg Melee Weapons Level 1  
  71  6:12  Drone  
  71  6:16  Zergling x2, Drone x2  
  75  6:19  Overlord  
  75  6:23  Drone  
  76  6:29  Drone  
  77  6:33  Drone  
  78  6:40  Drone  
  78  6:44  Drone  
  80  6:48  Overlord, Roach  
  82  6:59  Roach  
  84  7:07  Overlord  
  84  7:09  Roach  
  84  7:13  Baneling Nest  
  85  7:16  Spore Crawler  
  85  7:17  Spore Crawler, Drone  
  85  7:18  Drone  
  85  7:19  Overseer  
  85  7:20  Roach, Overseer  
  87  7:23  Drone, Spore Crawler  
  87  7:26  Spore Crawler  
  87  7:28  Overlord  
  86  7:30  Drone  
  86  7:31  Roach  
  86  7:33  Queen  
  91  7:38  Queen  
  91  7:41  Hydralisk  
  91  7:43  Roach  
  95  7:45  Spine Crawler  
  95  7:46  Drone  
  95  7:47  Spine Crawler  
  95  7:49  Overlord  
  95  7:51  Drone  
  95  7:52  Hydralisk  
  95  7:56  Spine Crawler  
  96  7:59  Spine Crawler  
  96  8:01  Infestation Pit  
  96  8:02  Drone, Hydralisk  
  96  8:04  Zerg Ground Armor Level 1  
  74  8:12  Queen  
  62  8:13  Hydralisk  
  62  8:19  Drone  
  58  8:24  Zergling x2  
  58  8:26  Drone  
  42  8:28  Drone  
  37  8:34  Drone  
  37  8:35  Roach  
  37  8:36  Drone x15  
  37  8:37  Drone x2  
  37  8:41  Drone x5  
  37  8:43  Drone  
  37  8:45  Drone x5  
  37  8:46  Roach  
  37  8:47  Drone x4  
  37  8:48  Drone  
  37  8:52  Roach  
  34  8:57  Roach, Drone x2  
  34  8:58  Drone  
  34  8:59  Drone x5  
  34  9:00  Drone  
  34  9:01  Drone  
  34  9:02  Hatchery  
  30  9:04  Roach  
  30  9:07  Roach  
  26  9:11  Roach  
  26  9:14  Drone  
  26  9:18  Roach  
  20  9:24  Drone  
  20  9:25  Roach x2  
  20  9:29  Roach  
  18  9:31  Drone  
  18  9:32  Drone  
  18  9:34  Roach  
  19  9:39  Roach x2  
  19  9:40  Drone  
  19  9:42  Drone x3  
  19  9:43  Hydralisk  
  19  9:44  Drone x3  
  19  9:45  Drone  
  23  9:46  Drone  
  21  10:00  Drone  
  21  10:06  Drone x2  
  21  10:12  Drone  
  21  10:13  Drone  
Tags
 
League
Silver
Matchup
ZvZ
Race
Zerg
Replay Pack
Pack 1
Spawn Locations
Cross Positions
Add a new tag
Caveats
  • Supply blocks, unpowered buildings, or Contaminate may cause inaccurate times.
  • Supply counts are checked every 10 seconds.